 Dungeon Crawl Stone Soup version 0.28-a0-1167-g616b1c6417 (webtiles) character file.

Game seed: 1473479655170039769

49 BinkBink the Cutter (level 3, -2/29 HPs)
             Began as a Demonspawn Monk on Dec 16, 2021.
             Was a Plaything of Xom.
             Killed from afar by Natasha (8 damage)
             ... with a magic dart
             ... on level 2 of the Dungeon.
             The game lasted 00:01:44 (1881 turns).

BinkBink the Cutter (Demonspawn Monk)               Turns: 1881, Time: 00:01:45

Health: -2/29      AC:  2    Str: 11    XL:     3   Next: 51%
Magic:  3/3        EV: 13    Int: 11    God:    Xom [..*...]
Gold:   0          SH:  0    Dex: 17    Spells: 2/2 levels left

rFire   . . .      SeeInvis .   a - +0 short sword
rCold   . . .      Faith    .   (no shield)
rNeg    . . .      Spirit   .   b - +0 robe
rPois   .          Reflect  .   (no helmet)
rElec   .          Harm     .   (no cloak)
rCorr   .          Rampage  .   (no gloves)
Will    .....                   (no boots)
Stlth   ++........              (no amulet)
HPRegen 0.09/turn               (no ring)
MPRegen 0.08/turn               (no ring)

@: no status effects
A: ignite blood 2
a: Renounce Religion


You were on level 2 of the Dungeon.
You worshipped Xom.
You were a toy of Xom.
You visited 1 branch of the dungeon, and saw 2 of its levels.

Inventory:

Hand Weapons
 a - a +0 short sword (weapon)
Armour
 b - a +0 robe (worn)
Jewellery
 c - a ring of wizardry
Scrolls
 e - a scroll of enchant weapon {unknown}
 f - a scroll of fear {unknown}
 g - a scroll of vulnerability {unknown}
Potions
 d - a potion of lignification {unknown}
 h - a potion of ambrosia {unknown}
 i - a potion of might {unknown}


   Skills:
 - Level 3.0 Fighting
 + Level 4.2 Short Blades
 - Level 2.6 Dodging
 - Level 1.7 Stealth


You had 2 spell levels left.
You didn't know any spells.
Your spell library was empty.

Dungeon Overview and Level Annotations

Branches:
Dungeon (2/15)

Altars:
Xom

Annotations:
D:2 Natasha


Innate Abilities, Weirdness & Mutations

Your demonic aura often causes spilled blood to erupt in flames.


Message History

Natasha shimmers violently.
Natasha casts a spell at you. You resist with significant effort.
Natasha completely misses you.
You hit Natasha.
Natasha is lightly wounded.
Natasha extends her claws.
Natasha casts a spell at you. The magic dart hits you!
You hit Natasha.
Natasha is moderately wounded.
Natasha wildly gestures.
You feel disoriented.
Natasha stares at you and mumbles some strange words.
The magic dart hits you.
You are too injured to fight recklessly!
You are too injured to fight recklessly!
You hit Natasha.
Natasha is heavily wounded.
Natasha barely misses you.
You miss Natasha.
Natasha is heavily wounded.
You closely miss Natasha.
Natasha is heavily wounded.
Natasha closely misses you.
You hit Natasha but do no damage.
Natasha is heavily wounded.
Natasha barely misses you.
You barely miss Natasha.
Natasha is heavily wounded.
Natasha claws you but does no damage.
You barely miss Natasha.
Natasha is heavily wounded.
Natasha claws you.
* * * LOW HITPOINT WARNING * * *
You hit Natasha.
Natasha is heavily wounded.
Natasha casts a spell at you. The magic dart hits you!
You die...

++####............#
##..####.##### ##.#
#.# ### #.# #.#
###########
###.####.........#
#.....##.........#
#................#
#....h@..........#
#.>......#########
#................ ∆∆
#.........)......
#.........÷......
#......#.........
##......#.........
##.................
##..................


You could see Natasha.

Vanquished Creatures
  Natasha (D:2)
  A dart slug (D:1)
  2 endoplasms (D:2)
  2 giant cockroaches
  3 goblins
  A hobgoblin (D:1)
  A kobold (D:2)
  2 quokkas (D:1)
  A ball python (D:2)
  3 bats
  2 frilled lizards (D:1)
  2 rats
21 creatures vanquished.

Notes
Turn   | Place    | Note
-------+----------+-------------------------------------------
     0 | D:1      | BinkBink the Demonspawn Monk began the quest for the Orb.
     0 | D:1      | Reached XP level 1. HP: 18/18 MP: 1/1
   314 | D:1      | Reached skill level 3 in Short Blades
   567 | D:1      | Gained mutation: Your demonic aura sometimes causes spilled
                  | blood to erupt in flames. [demonic ancestry]
   567 | D:1      | Reached XP level 2. HP: 8/24 MP: 2/2
   777 | D:1      | You fall into a shaft and drop 1 floor!
  1397 | D:2      | Noticed Natasha
  1687 | D:2      | Found a faded altar of an unknown god.
  1717 | D:2      | Killed Natasha
  1718 | D:2      | Reached skill level 4 in Short Blades
  1718 | D:2      | Gained mutation: Your demonic aura often causes spilled
                  | blood to erupt in flames. [demonic ancestry]
  1718 | D:2      | Reached XP level 3. HP: 10/29 MP: 3/3
  1723 | D:2      | Prayed at the altar of an unknown god.
  1723 | D:2      | Became a worshipper of Xom of Chaos
  1745 | D:2      | XOM: silly message
  1750 | D:2      | XOM: divination: detect items
  1781 | D:2      | Noticed Natasha
  1860 | D:2      | XOM: divination: detect items
  1881 | D:2      | Killed from afar by Natasha

Illustrated notes

Levels and vault maps discovered:
D:1:      grunt_arrival_lava_bath, layout_basic, serial_bayou_crossing
D:2:      kennysheep_big_flooded_room, layout_rooms,
          ebering_ecumenical_altar_mist, basic_altar, nrook_mini_backslash,
          uniq_natasha

Skill      XL: |  1  2 |
---------------+-------+-----
Short Blades   | 3 4 |  4.2
Fighting       | |  3.0
Dodging        | |  2.6
Stealth        | |  1.7

Action                   || total
-------------------------++-------
Melee: Short sword       ||   106
 Stab: Sleeping          ||     3
Armor: Robe              ||    21
Dodge: Dodged            ||    58

Table legend: (Time is in decaauts)
 A = Elapsed time spent in this place.
 B = Non-inter-level travel time spent in this place.
 C = Inter-level travel time spent in this place.
 D = Time resting spent in this place.
 E = Time spent auto-exploring this place.
 F = Levels seen in this place.
 G = Mean time per level.
                   A        B        C        D        E       F      G
               +--------+--------+--------+--------+--------+-----+--------+
         Total |   1886 |   1793 |     93 |      0 |   1555 |   2 |  943.0 |
       Dungeon |   1886 |   1793 |     93 |      0 |   1555 |   2 |  943.0 |
               +--------+--------+--------+--------+--------+-----+--------+

Top non-repeatable levels by time:
     D:1: 1434 daAuts
     D:2: 452 daAuts
